 Dungeon Crawl Stone Soup version 0.29.1-1-gd02db6906a (webtiles) character file.

Game seed: 10607064938965179970

434 MisterFreud the Twirler (level 7, 0/52 HPs)
             Began as a Formicid Gladiator on Oct 6, 2022.
             Slain by Duvessa
             ... wielding a +3 short sword of protection
              (13 damage)
             ... on level 5 of the Dungeon.
             The game lasted 00:06:11 (5224 turns).

MisterFreud the Twirler (Formicid Gladiator)        Turns: 5224, Time: 00:06:12

Health: 0/52       AC:  0    Str: 20    XL:     7   Next: 20%
Magic:  7/7        EV: 20    Int:  8    God:
Gold:   85         SH:  0    Dex: 20    Spells: 6/6 levels left

rFire   . . .      SeeInvis .   (weapon currently unavailable)
rCold   . . .      Faith    .   (shield currently unavailable)
rNeg    . . .      Spirit   .   (body armour currently unavailable)
rPois   .          Reflect  .   (helmet unavailable)
rElec   .          Harm     .   (cloak currently unavailable)
rCorr   .          Rampage  .   (gloves currently unavailable)
Will    .....                   (boots currently unavailable)
Stlth   ++........              (no amulet)
HPRegen 0.17/turn               (ring currently unavailable)
MPRegen 0.10/turn               (ring currently unavailable)

@: bat-form, flying, very quick
A: fast, flying, no casting, permanent stasis, dig shafts and tunnels, tiny,
(antennae 3), four strong arms
a: no special abilities


You were on level 5 of the Dungeon.
You were a bat.
You visited 1 branch of the dungeon, and saw 5 of its levels.

You collected 85 gold pieces.

Inventory:

Hand Weapons
 a - a +0 quarterstaff
 j - a +8 vampiric lajatang (melded)
 n - a +5 quarterstaff of flaming
Missiles
 c - 3 throwing nets (quivered)
 d - a javelin
 h - 5 poisoned darts
Armour
 b - a +0 leather armour (melded)
 o - a +0 cloak (melded)
Jewellery
 k - a ring of protection from fire (melded)
Wands
 f - a wand of paralysis (10)
 l - a wand of acid (13)
Potions
 e - a potion of invisibility
 g - a potion of curing
 i - 2 potions of brilliance
 m - a potion of heal wounds {unknown}
 q - a potion of lignification {unknown}
 r - 2 potions of attraction
 s - a potion of degeneration {unknown}
 t - a potion of mutation {unknown}
Miscellaneous
 p - a piece from Xom's chessboard (15/15)


   Skills:
 + Level 3.5 Fighting
 * Level 6.7 Staves
 - Level 2.0 Throwing
 + Level 2.5 Armour
 - Level 2.6 Dodging


You had 6 spell levels left.
You didn't know any spells.
Your spell library contained the following spells:

 Spells                   Type           Power      Damage    Failure   Level
 Summon Small Mammal      Summ           0%         N/A       41%         1
 Call Canine Familiar     Summ           0%         N/A       78%         3
 Summon Guardian Golem    Hex/Summ       0%         N/A       78%         3
 Ice Form                 Ice/Tmut       0%         N/A       99%         4
 Ozocubu's Refrigeration  Ice            0%         4d7       100%        7


Dungeon Overview and Level Annotations

Branches:
Dungeon (5/15)
 Temple: D:4-7

Altars:
Fedhas
Qazlal

Annotations:
D:5 Dowan, Duvessa


Innate Abilities, Weirdness & Mutations

You are a bat.
You are tiny and dextrous.
You move quickly.
You are flying.
Your equipment is almost entirely melded.
You are incapable of wielding weapons or throwing items.
You cannot cast spells.
You cannot be hasted, slowed, berserked, paralysed or teleported.
You can dig through walls and to a lower floor.
((You have a pair of large antennae on your head. (SInv)))
Your four strong arms can wield two-handed weapons with a shield.


Message History

Dowan casts a spell at Duvessa.
Duvessa seems to speed up.
Duvessa zaps a wand.
You easily resist.
Dowan zaps a wand.
You hear a grinding noise.
Duvessa says, "My weaknesses are his strengths!"
Duvessa zaps a wand.
You easily resist.
Dowan zaps a wand.
Some rock shatters into small pieces.
You barely miss Duvessa. Duvessa closely misses you.
Duvessa hits you with a +3 short sword of protection!
You hit Duvessa.
You feel better.
Duvessa is lightly wounded.
The scorpion stings you. Duvessa hits you but does no damage.
You hit Duvessa. Your punch misses Duvessa.
Duvessa is moderately wounded.
Duvessa hits you with a +3 short sword of protection!
The scorpion barely misses you. The scorpion stings you.
Duvessa hits you with a +3 short sword of protection.
The scorpion closely misses you. Dowan hits you with a +0 dagger.
Dowan attacks as you move away! Dowan closely misses you.
Duvessa hits you with a +3 short sword of protection.
The scorpion stings you.
* * * LOW HITPOINT WARNING * * *
Duvessa hits you with a +3 short sword of protection.
* * * LOW HITPOINT WARNING * * *
Unknown command.
You feel better. The scorpion barely misses you.
Duvessa zaps a wand.
You turn into a bat.
Your +8 vampiric lajatang melds into your body.
Your +0 cloak melds into your body.
Your +0 leather armour melds into your body.
Your ring of protection from fire melds into your body.
You feel the dreadful sensation subside.
Dowan hits you with a +0 dagger.
* * * LOW HITPOINT WARNING * * *
Found 6 poisoned darts.
Duvessa barely misses you. Duvessa closely misses you.
There is a stone staircase leading up here.
Duvessa barely misses you.
Duvessa hits you with a +3 short sword of protection!
You die...

.....#####
(.........
....#... ##.#.#.#
#.####..#...#####
#.................
####.#e.##########
#..### #.seb#
##.### #.# ..#
...# ....# #....#
#....#


You could see Duvessa (fast), Dowan and a scorpion.

Vanquished Creatures
  A phantom (D:4)
  Crazy Yiuf (D:2)
  2 jellies
  An iguana (D:4)
  Ijyb (D:4)
  Robin (D:3)
  5 adders
  3 worms
  5 dart slugs
  11 orcs
  5 ball pythons
  10 bats
  6 endoplasms
  4 giant cockroaches
  15 goblins
  18 hobgoblins
  9 jackals
  3 quokkas
  5 frilled lizards
  14 kobolds
  5 rats
125 creatures vanquished.

Vanquished Creatures (others)
  5 fungi (D:3)
  7 plants (D:3)
12 creatures vanquished.

Grand Total: 137 creatures vanquished

Notes
Turn   | Place    | Note
-------+----------+-------------------------------------------
     0 | D:1      | MisterFreud the Formicid Gladiator began the quest for the
                  | Orb.
     0 | D:1      | Reached XP level 1. HP: 16/16 MP: 1/1
   122 | D:1      | Reached XP level 2. HP: 15/22 MP: 2/2
   700 | D:1      | Reached skill level 4 in Staves
   700 | D:1      | Reached XP level 3. HP: 19/27 MP: 3/3
  1353 | D:1      | Got Buista's Quarto of Congelation
  1934 | D:2      | Reached XP level 4. HP: 25/33 MP: 4/4
  2017 | D:2      | Found a runed translucent door.
  2018 | D:2      | Noticed Crazy Yiuf
  2470 | D:2      | Reached skill level 5 in Staves
  2968 | D:2      | Killed Crazy Yiuf
  2969 | D:2      | Reached XP level 5. HP: 38/38 MP: 5/5
  2994 | D:2      | Identified a scroll of acquirement
  2994 | D:2      | Acquired a +5 vampiric lajatang
  3419 | D:3      | Found a faded altar of an unknown god.
  3461 | D:3      | Noticed Robin
  3882 | D:3      | Found a blossoming altar of Fedhas.
  3887 | D:3      | Found a stormy altar of Qazlal.
  3959 | D:3      | Reached skill level 1 in Armour
  4119 | D:3      | Reached XP level 6. HP: 44/46 MP: 6/6
  4121 | D:3      | Reached skill level 6 in Staves
  4221 | D:3      | Killed Robin
  4530 | D:4      | Noticed Ijyb
  4938 | D:4      | Killed Ijyb
  4939 | D:4      | Reached XP level 7. HP: 49/52 MP: 7/7
  5197 | D:5      | Entered Level 5 of the Dungeon
  5207 | D:5      | Noticed Duvessa
  5207 | D:5      | Noticed Dowan
  5224 | D:5      | Slain by Duvessa

Illustrated notes

Levels and vault maps discovered:
D:1:      scummos_arrival_simple_fountains, layout_basic, serial_glass,
          glass_columns_a, glass_columns_c, item_on_display_a,
          due_unseen_surprise, nicolae_concentric_dashed_squares_mild
D:2:      layout_basic, uniq_crazy_yiuf_cottage
D:3:      corexii_shack_village, layout_basic,
          grunt_temple_overflow_forces_of_nature,
          hellmonk_ecumenical_altar_lost_god, minmay_mini_jars, uniq_robin
D:4:      layout_cave_pools, minmay_distorted, uniq_ijyb
D:5:      layout_basic, uniq_duvessa

Skill      XL: |  1  2  3  4  5  6 |
---------------+-------------------+-----
Staves         | 4 5 6 |  6.7
Armour         | 1 2 |  2.5
Fighting       | 3 |  3.5
Throwing       | |  2.0
Dodging        | |  2.6

Action                   |  1- 3 |  4- 6 |  7- 9 || total
-------------------------+-------+-------+-------++-------
Melee: Quarterstaff      |   100 |    45 |       ||   145
       Lajatang          |       |   145 |    16 ||   161
  Use: Scroll            |       |    14 |       ||    14
       Potion            |       |       |     1 ||     1
 Stab: Sleeping          |     1 |       |       ||     1
Armor: Leather armour    |    24 |    69 |     3 ||    96
Dodge: Dodged            |    65 |   152 |    13 ||   230
